 Dungeon Crawl Stone Soup version 0.22.1-5-g62c59d919a (webtiles) character file.

1217 Kniotic the Martial Artist (level 8, -3/52 HPs)
             Began as an Octopode Monk on Jan 15, 2019.
             Slain by Grinder (7 damage)
             ... while paralysed by Grinder
             ... on level 6 of the Dungeon.
             The game lasted 00:08:23 (6192 turns).

Kniotic the Martial Artist (Octopode Monk)          Turns: 6192, Time: 00:08:23

Health: -3/52      AC:  1    Str: 10    XL:     8   Next: 46%
Magic:  8/8        EV:  2    Int: 13    God:
Gold:   299        SH:  0    Dex: 16    Spells: 7/7 levels left

rFire    . . .     SeeInvis .     - Unarmed
rCold    . . .     Gourm    .   (no shield)
rNeg     . . .     Faith    .   (helmet restricted)
rPois    .         Spirit   .   (no amulet)
rElec    .         Reflect  .   o - ring of stealth
rCorr    .         Harm     .   (no ring)
MR       .....                  (no ring)
Stlth    ++++......             (no ring)
HPRegen  0.17/turn              (no ring)
MPRegen  0.11/turn              (no ring)
                                (no ring)
                                (no ring)

@: paralysed
A: almost no armour, stealthy swim, amphibious, 8 rings, constrict 8, camouflage
1, gelatinous body 1
a: no special abilities


You were on level 6 of the Dungeon.
You were not hungry.

You visited 1 branch of the dungeon, and saw 6 of its levels.

You collected 299 gold pieces.

Inventory:

Jewellery
 o - a ring of stealth (left tentacle)
 r - an uncursed ring of magical power {unknown}
Wands
 n - a wand of disintegration (8)
Scrolls
 b - a scroll of random uselessness {unknown}
 d - 5 scrolls of fog {unknown}
 f - a scroll of blinking
 g - 3 scrolls of enchant armour {unknown}
 h - 2 scrolls of enchant weapon
 i - 3 scrolls of remove curse
 j - a scroll of immolation
 k - a scroll of teleportation {unknown}
 m - a scroll of fear {unknown}
 p - 4 scrolls of identify {unknown}
Potions
 c - a potion of heal wounds
 e - a potion of curing {unknown}
 l - a potion of flight {unknown}
 q - a potion of agility {unknown}
Comestibles
 a - 7 rations
 s - 2 chunks of flesh


   Skills:
 - Level 3.0 Fighting
 - Level 3.0 Dodging
 - Level 2.6 Stealth
 + Level 10.3 Unarmed Combat


You had 7 spell levels left.
You didn't know any spells.
Your spell library was empty.

Dungeon Overview and Level Annotations

Branches:
Dungeon (6/15)             Temple (0/1) D:4

Altars:
Elyvilon
Fedhas
Kikubaaqudgha
Qazlal
Yredelemnul
Zin
Beogh

Annotations:
D:3 3 runed doors, Pepega's ghost, amateur DsGl
D:4 exclusion: ogre
D:6 Grinder


Innate Abilities, Weirdness & Mutations

You cannot wear most types of armour.
You are very stealthy in the water. (Stealth+)
You are amphibious.
You can wear up to eight rings at the same time.
You can use your tentacles to constrict eight enemies at once.
Your skin changes colour to match your surroundings (Stealth+).
Your rubbery body absorbs attacks. (AC +1, EV +1)


Message History

a mace; a falchion; a leather armour; an orc corpse x2
You start resting.
Grinder is too close now for your liking.
Grinder is nearby!
You bludgeon Grinder! Your grab misses Grinder.
Grinder is moderately wounded.
Grinder gestures at you.
You suddenly lose the ability to move!
Grinder hits you!
You writhe in agony.
Grinder gestures at you. You resist with some effort. Grinder gestures at you.
Pain shoots through your body!
* * * LOW HITPOINT WARNING * * *
Grinder hits you.
* * * LOW HITPOINT WARNING * * *
You writhe in agony.
* * * LOW HITPOINT WARNING * * *
Grinder hits you!
You die...

#................#
#.....#.#..##.##.####
...........##.......#
......#....##.##.##.#
.....<#.##.##.##.##.#
#....##.##.##.##..#.#
#.......).....###.#.#
##.##########.###.#.#
#.# #.. #...@...#
##.# #... #####5###
...# #.... ##...#
#..# #.....###....#
#..# #............#
...# ###.##)##.#.##
#.## #. #.#.# #.# ..
..#.# ..# oS....#.#


You could see Grinder.

Vanquished Creatures
  Eustachio (D:5)
  2 ice beasts (D:5)
  A sky beast (D:5)
  2 centaurs (D:5)
  2 scorpions (D:5)
  A howler monkey (D:5)
  3 hounds
  An orc priest (D:6)
  2 iguanas
  2 orc wizards
  4 worker ants
  A worker ant zombie (D:5)
  9 adders
  A shadow imp (D:5)
  An adder skeleton (D:4)
  2 dart slugs
  3 leopard geckos
  11 orcs
  2 ball pythons
  7 goblins
  9 hobgoblins
  5 quokkas
  7 bats
  4 frilled lizards
  4 kobolds
  2 leopard gecko skeletons (D:4)
  5 rats
94 creatures vanquished.

Notes
Turn   | Place    | Note
-------+----------+-------------------------------------------
     0 | D:1      | Kniotic the Octopode Monk began the quest for the Orb.
     0 | D:1      | Reached XP level 1. HP: 16/16 MP: 1/1
   156 | D:1      | Reached XP level 2. HP: 21/21 MP: 2/2
   684 | D:2      | Reached skill level 4 in Unarmed Combat
   754 | D:2      | Reached XP level 3. HP: 26/26 MP: 3/3
  1427 | D:3      | Reached XP level 4. HP: 31/31 MP: 4/4
  1433 | D:3      | Found an ancient bone altar of Kikubaaqudgha.
  1434 | D:3      | Found a blossoming altar of Fedhas.
  1531 | D:3      | Found a stormy altar of Qazlal.
  1585 | D:3      | Found a glowing silver altar of Zin.
  1847 | D:3      | Reached skill level 5 in Unarmed Combat
  2313 | D:3      | Found a runed gate.
  2313 | D:3      | Found a runed gate.
  2314 | D:3      | Found a runed gate.
  2317 | D:3      | Noticed Pepega's ghost (amateur DsGl)
  2319 | D:3      | Found a roughly hewn altar of Beogh.
  2510 | D:4      | Reached XP level 5. HP: 32/36 MP: 5/5
  2585 | D:4      | Found a basalt altar of Yredelemnul.
  2684 | D:4      | Reached skill level 6 in Unarmed Combat
  2833 | D:4      | Noticed an ogre
  3036 | D:4      | Reached XP level 6. HP: 33/42 MP: 6/6
  3206 | D:4      | Found a staircase to the Ecumenical Temple.
  3534 | D:4      | Reached skill level 7 in Unarmed Combat
  4088 | D:4      | Found a white marble altar of Elyvilon.
  4178 | D:5      | Entered Level 5 of the Dungeon
  4495 | D:5      | Reached XP level 7. HP: 32/46 MP: 7/7
  4669 | D:5      | Reached skill level 8 in Unarmed Combat
  5187 | D:5      | Reached skill level 9 in Unarmed Combat
  5465 | D:5      | Reached XP level 8. HP: 26/52 MP: 8/8
  5820 | D:5      | Noticed Eustachio
  5840 | D:5      | Killed Eustachio
  5957 | D:5      | Reached skill level 10 in Unarmed Combat
  6158 | D:6      | Noticed Grinder
  6187 | D:6      | Paralysed by Grinder for 6 turns
  6192 | D:6      | Slain by Grinder

Skill      XL: |  1  2  3  4  5  6  7  8 |
---------------+-------------------------+-----
Unarmed Combat | 4 5 6 7 9 10 | 10.3
Fighting       | |  3.0
Dodging        | |  3.0
Stealth        | |  2.6

Action                   |  1- 3 |  4- 6 |  7- 9 || total
-------------------------+-------+-------+-------++-------
Melee: Unarmed           |    57 |   105 |    89 ||   251
       Constrict         |     9 |    28 |    15 ||    52
       Tentacles         |     7 |    33 |    20 ||    60
       Punch             |     1 |     2 |     5 ||     8
  Use: Scroll            |       |     4 |       ||     4
       Potion            |       |     1 |       ||     1
 Stab: Sleeping          |    15 |     6 |     2 ||    23
       Distracted        |       |       |     1 ||     1
  Eat: Chunk             |     1 |    10 |     5 ||    16
Armor: Skin              |     5 |     4 |     4 ||    13
Dodge: Dodged            |    31 |    76 |    36 ||   143
